Map: Orbital Shipyard

Players

LilDicky - Winner!

  • Race: Protoss Protoss
  • League: Diamond

MorTak

  • Race: Protoss Protoss
  • League: Gold

VOD

http://www.twitch.tv/tumescentpie

Description

Time

  • Played on: Jan. 4, 2016, 11:45 p.m.
  • Length: 8:17
Show
View Real Time Build Order
Export as new Build Order

LilDicky Protoss - Winner!

Build Orders: Cannon Rush 

Get SALT Encoding   

  12  0:02  Probe (Chrono Boost)  
  13  0:15  Probe (Chrono Boost)  
  14  0:22  Pylon  
  14  0:26  Probe (Chrono Boost)  
  15  0:40  Probe (Chrono Boost), Forge  
  16  0:51  Probe (Chrono Boost)  
  17  1:01  Probe (Chrono Boost)  
  18  1:10  Pylon  
  18  1:12  Pylon  
  18  1:14  Pylon  
  18  1:18  Probe (Chrono Boost)  
  18  1:31  Probe (Chrono Boost)  
  18  1:37  Photon Cannon  
  18  1:41  Photon Cannon  
  18  1:46  Photon Cannon  
  18  1:52  Photon Cannon  
  18  2:05  Photon Cannon  
  17  2:12  Probe (Chrono Boost)  
  18  2:31  Probe (Chrono Boost)  
  18  2:36  Pylon  
  19  2:45  Probe (Chrono Boost)  
  20  2:51  Gateway  
  20  2:57  Nexus  
  20  2:58  Photon Cannon  
  20  3:24  Photon Cannon  
  20  3:26  Photon Cannon  
  20  3:31  Photon Cannon  
  20  3:35  Probe (Chrono Boost)  
  20  4:04  Gateway  
  20  4:10  Assimilator x2  
  20  4:13  Cybernetics Core, Probe x2 (Chrono Boost)  
  22  4:23  Probe (Chrono Boost)  
  23  4:27  Pylon  
  23  5:00  Photon Cannon x2  
  23  5:20  Photon Cannon  
  23  5:21  Photon Cannon  
  23  5:29  Probe x2 (Chrono Boost), Pylon  
  23  5:30  Pylon  
  25  5:40  Probe x2 (Chrono Boost)  
  27  5:50  Probe x2 (Chrono Boost)  
  29  6:00  Photon Cannon  
  29  6:01  Probe x2 (Chrono Boost)  
  29  6:02  Photon Cannon  
  31  6:07  Photon Cannon  
  31  6:11  Probe (Chrono Boost)  
  31  6:15  Pylon  
  31  6:34  Photon Cannon  
  31  6:37  Photon Cannon  
  31  6:42  Pylon  
  31  6:47  Pylon  
  31  7:01  Stalker  
  33  7:10  Gateway  
  33  7:14  Gateway  
  33  7:16  Gateway  
  33  7:26  Pylon  
  33  7:32  Probe (Chrono Boost)  
Show
View Real Time Build Order
Export as new Build Order

MorTak Protoss 

Build Orders: Double Forge, Nexus First 

Get SALT Encoding   

  12  0:01  Probe (Chrono Boost)  
  13  0:12  Probe (Chrono Boost)  
  14  0:22  Probe (Chrono Boost)  
  15  0:48  Nexus  
  15  0:57  Pylon  
  15  1:23  Forge  
  15  1:35  Probe (Chrono Boost)  
  16  1:45  Probe (Chrono Boost)  
  17  1:56  Photon Cannon  
  17  1:58  Photon Cannon  
  17  2:04  Probe (Chrono Boost)  
  18  2:14  Probe (Chrono Boost)  
  15  2:24  Probe (Chrono Boost)  
  14  2:35  Probe (Chrono Boost)  
  15  2:38  Probe (Chrono Boost)  
  16  2:45  Probe (Chrono Boost)  
  16  2:48  Probe (Chrono Boost)  
  18  2:54  Gateway  
  18  2:56  Probe (Chrono Boost)  
  19  3:05  Photon Cannon  
  19  3:07  Probe (Chrono Boost)  
  20  3:15  Photon Cannon  
  20  3:26  Photon Cannon  
  20  3:34  Photon Cannon  
  20  3:37  Probe (Chrono Boost)  
  23  4:04  Pylon  
  23  4:06  Probe (Chrono Boost), Pylon  
  24  4:12  Pylon  
  24  4:16  Probe (Chrono Boost)  
  23  4:20  Pylon  
  23  4:27  Probe (Chrono Boost), Assimilator  
  23  4:28  Gateway  
  23  4:29  Gateway  
  24  4:38  Probe (Chrono Boost)  
  25  4:42  Gateway  
  24  4:58  Forge  
  24  5:04  Probe (Chrono Boost)  
  25  5:08  Assimilator  
  25  5:09  Probe (Chrono Boost)  
  25  5:10  Assimilator  
  26  5:14  Probe (Chrono Boost)  
  26  5:20  Cybernetics Core, Probe (Chrono Boost)  
  28  5:23  Pylon  
  28  5:25  Probe (Chrono Boost)  
  29  5:30  Probe (Chrono Boost)  
  29  5:35  Probe (Chrono Boost)  
  29  5:46  Probe (Chrono Boost)  
  30  5:51  Photon Cannon  
  30  6:00  Stalker (Chrono Boost)  
  30  6:03  Stalker x2 (Chrono Boost)  
Tags
 
Add a new tag
Caveats
  • Supply blocks, unpowered buildings, or Contaminate may cause inaccurate times.
  • Supply counts are checked every 10 seconds.